 Dungeon Crawl Stone Soup version 0.28.0-53-g5a82cb258f (webtiles) character file.

Game seed: 6502643057639502501

2041 Cykl0x the Geomancer (level 9, -3/47 HPs)
             Began as a Gargoyle Earth Elementalist on June 6, 2022.
             Was an Initiate of Vehumet.
             Shot with an arrow by a centaur (5 damage)
             ... on level 6 of the Dungeon.
             The game lasted 00:14:13 (7965 turns).

Cykl0x the Geomancer (Gargoyle Earth Elementalist)  Turns: 7965, Time: 00:14:14

Health: -3/47      AC: 10    Str: 12    XL:     9   Next: 24%
Magic:  4/19       EV: 11    Int: 20    God:    Vehumet [......]
Gold:   288        SH:  0    Dex: 10    Spells: 15/21 levels left

rFire   . . .      SeeInvis .   x - staff of conjuration
rCold   . . .      Faith    .   (no shield)
rNeg    + + .      Spirit   .   f - +1 leather armour
rPois   ∞          Reflect  .   (no helmet)
rElec   +          Harm     .   (no cloak)
rCorr   .          Rampage  .   (no gloves)
Will    .....                   (no boots)
Stlth   ++........              (no amulet)
HPRegen 0.15/turn               s - ring of positive energy
MPRegen 0.16/turn               (no ring)

@: studying Crossbows
A: sickness immunity, AC +6, negative energy resistance 1, electricity
resistance, torment resistance 1, petrification resistance
a: Renounce Religion


You were on level 6 of the Dungeon.
You worshipped Vehumet.
Vehumet was noncommittal.
You visited 2 branches of the dungeon, and saw 7 of its levels.
You also visited: Sewer.

You collected 288 gold pieces.

Inventory:

Hand Weapons
 a - a +0 whip
 e - a +0 mace
 q - the +8 mace "Q" {drain, Str+4}
   (You found it on level 3 of the Dungeon)

   A truly terrible weapon, it drains the life of any living foe it strikes.
   Str:       It affects your strength (+4).
 r - a +3 quarterstaff of chaos
Armour
 b - a +0 robe
 f - a +1 leather armour (worn)
 t - a +0 robe of cold resistance
Magical Staves
 g - a staff of poison
 x - a staff of conjuration (weapon)
Jewellery
 s - a ring of positive energy (left hand)
Wands
 p - a wand of iceblast (12)
 E - a wand of flame (24)
Scrolls
 c - 2 scrolls of immolation
 l - 2 scrolls of enchant armour
 v - a scroll of fog
 C - a scroll of noise {unknown}
 D - a scroll of teleportation
 F - a scroll of identify
 G - a scroll of brand weapon {unknown}
Potions
 d - 2 potions of attraction
 h - a potion of heal wounds
 i - a potion of resistance {unknown}
 j - 2 potions of curing
 k - a potion of lignification {unknown}
 m - 2 potions of might {unknown}
 n - 2 potions of magic {unknown}
 o - 2 potions of brilliance {unknown}
 u - 2 potions of haste {unknown}
 w - 2 potions of invisibility {unknown}
 z - a potion of cancellation {unknown}
 A - a potion of mutation {unknown}
 B - a potion of flight {unknown}


   Skills:
 + Level 1.1 Fighting
 + Level 0.5 Maces & Flails
 + Level 2.1 Armour
 + Level 2.2 Dodging
 - Level 2.1 Stealth
 + Level 6.8 Spellcasting
 * Level 6.0 Conjurations
 - Level 0.7 Transmutations
 + Level 1.2 Air Magic
 + Level 8.3 Earth Magic
 + Level 1.2 Poison Magic


You had 15 spell levels left.
You knew the following spells:

 Your Spells              Type           Power      Damage    Failure   Level
a - Sandblast             Erth           80%        2d17      1%          1
b - Stone Arrow           Conj/Erth      100%       3d13      1%          3
c - Poisonous Vapours     Pois/Air       22%        N/A       11%         2

Your spell library contained the following spells:

 Spells                   Type           Power      Damage    Failure   Level
 Passwall                 Tmut/Erth      20%        N/A       3%          2
 Corpse Rot               Necr/Air       18%        N/A       14%         2
 Petrify                  Tmut/Erth      24%        N/A       19%         4
 Portal Projectile        Hex/Tloc       12%        N/A       36%         3
 Irradiate                Conj/Tmut      15%        3d19      65%         5
 Blade Hands              Tmut           4%         N/A       94%         5
 Excruciating Wounds      Necr           3%         N/A       98%         5
 Dragon Form              Tmut           4%         N/A       100%        7
 Malign Gateway           Summ/Tloc      3%         N/A       100%        7
 Summon Horrible Things   Summ           3%         N/A       100%        8


Dungeon Overview and Level Annotations

Branches:
Dungeon (6/15)             Temple (1/1) D:5           Sewer (visited)

Altars:
Fedhas
Gozag
Hepliaklqana
Kikubaaqudgha
Makhleb
Sif Muna
Trog
Uskayaw
Vehumet
Xom
Yredelemnul

Annotations:
D:6 Pikel


Innate Abilities, Weirdness & Mutations

You are immune to sickness and miasma.
Your stone body is resilient. (AC +6)
You are immune to poison.
You resist negative energy. (rN+)
You are resistant to electric shocks. (rElec)
You are resistant to unholy torment.
You are immune to petrification.


Message History

The kobold brigand is lightly wounded.
The kobold brigand hits you with a +0 short sword.
You hit the kobold brigand but do no damage.
The kobold brigand is lightly wounded.
The kobold brigand closely misses you.
The bullfrog skeleton barely misses you.
An ogre comes into view. It is wielding a +0 giant club.
The kobold brigand hits you with a +0 short sword.
You closely miss the kobold brigand.
The kobold brigand is lightly wounded.
The bullfrog skeleton barely misses you.
The kobold brigand closely misses you. The bullfrog skeleton misses you.
The ogre shouts!
You hit the kobold brigand.
The kobold brigand is moderately wounded.
The bullfrog skeleton hits you but does no damage.
The kobold brigand hits you but does no damage.
You don't have any stones to cast with.
Items here: ( )) †.
Items here: (( )).
The bullfrog skeleton barely misses you.
The kobold brigand throws a curare-tipped dart.
The curare-tipped dart barely misses you.
Found 16 gold pieces.
The bullfrog skeleton hits you.
The kobold brigand throws a curare-tipped dart.
The curare-tipped dart barely misses you.
The bullfrog skeleton hits you but does no damage.
The centaur shouts!
A wight comes into view. It is wielding a +0 mace.
The centaur wields a +2 shortbow of freezing.
It is covered in frost.
The centaur shoots an arrow.
The arrow hits you!
* * * LOW HITPOINT WARNING * * *
The arrow freezes you.
* * * LOW HITPOINT WARNING * * *
2 wights come into view.
The centaur shoots an arrow.
The arrow barely misses you.
The kobold brigand throws a curare-tipped dart.
The curare-tipped dart barely misses you.
The centaur shoots an arrow.
The arrow hits you.
You die...

..........##
..........##
#...........
#...z..z....
#........z..
##...........
##.............
#<..............
###.##@.....c..c#
###.............
##.Z..........# ###
#...#.........# #...
##...#.........##....
###.......O......'.....
##...#.....K......'.....
#.................'.....
##.............#.)#


You could see a kobold brigand, an ogre, a centaur, 3 wights and a bullfrog
skeleton.

Vanquished Creatures
  The ghost of Infinimo the Skirmisher, an amateur OgBe of Trog (D:3)
  Edmund (D:5)
  A water moccasin (D:3)
  An orc warrior (D:5)
  2 centaurs (D:5)
  2 ogres (D:5)
  A phantom (D:4)
  A lemure (D:5)
  4 kobold brigands
  A bullfrog (D:4)
  2 scorpions (D:4)
  A water moccasin skeleton (D:5)
  A centaur zombie (D:3)
  2 orc priests (D:4)
  A hound (D:5)
  Crazy Yiuf (D:3)
  A bullfrog skeleton (D:5)
  A gnoll shaman (D:5)
  Ijyb (D:3)
  An iguana (D:4)
  2 orc wizards
  A howler monkey zombie (D:3)
  5 gnolls (D:5)
  A howler monkey skeleton (D:3)
  12 adders
  2 river rats (Sewer)
  A white imp (D:5)
  An ufetubus (D:4)
  5 worms
  A dart slug (D:5)
  8 orcs
  10 ball pythons
  8 endoplasms
  7 giant cockroaches
  11 goblins
  3 hobgoblins
  8 jackals
  4 quokkas
  4 bats
  6 frilled lizards
  17 kobolds
  12 rats
156 creatures vanquished.

Vanquished Creatures (others)
  7 fungi (D:6)
  15 plants (Sewer)
  8 toadstools (D:6)
30 creatures vanquished.

Grand Total: 186 creatures vanquished

Notes
Turn   | Place    | Note
-------+----------+-------------------------------------------
     0 | D:1      | Cykl0x the Gargoyle Earth Elementalist began the quest for
                  | the Orb.
     0 | D:1      | Reached XP level 1. HP: 10/10 MP: 3/3
   117 | D:1      | Reached skill level 4 in Earth Magic
   117 | D:1      | Reached XP level 2. HP: 15/15 MP: 1/5
   275 | D:1      | Found a faded altar of an unknown god.
   430 | D:1      | Reached skill level 1 in Conjurations
  1215 | D:2      | Reached XP level 3. HP: 19/19 MP: 3/6
  1219 | D:2      | Learned a level 3 spell: Stone Arrow
  2115 | D:2      | Learned a level 2 spell: Poisonous Vapours
  2453 | D:2      | Reached XP level 4. HP: 24/24 MP: 0/8
  2834 | D:3      | Noticed a water moccasin
  2845 | D:3      | Killed a water moccasin
  2846 | D:3      | Reached skill level 5 in Earth Magic
  2846 | D:3      | Reached XP level 5. HP: 26/28 MP: 1/10
  2846 | D:3      | Identified the +0 pair of gloves of Agnosticism {-Cast Harm
                  | Rampage}
  3091 | D:3      | Noticed Ijyb
  3092 | D:3      | Found a runed translucent gate.
  3092 | D:3      | Found a runed translucent gate.
  3093 | D:3      | Found a runed translucent gate.
  3103 | D:3      | Noticed Infinimo's ghost (amateur OgBe)
  3110 | D:3      | HP: 1/28 [Ijyb/+0 club (2)]
  3292 | D:3      | Killed Ijyb
  3406 | D:3      | Reached XP level 6. HP: 32/32 MP: 7/11
  3524 | D:3      | Identified the +8 mace "Q" {drain, Str+4}
  3526 | D:3      | Found a runed translucent door.
  3527 | D:3      | Noticed Crazy Yiuf
  3532 | D:3      | Killed Crazy Yiuf
  3712 | D:3      | Killed Infinimo's ghost
  3713 | D:3      | Reached skill level 6 in Earth Magic
  3716 | D:3      | Reached XP level 7. HP: 18/36 MP: 1/13
  4697 | D:4      | Reached skill level 5 in Spellcasting
  5021 | D:5      | Entered Level 5 of the Dungeon
  5025 | D:5      | Reached XP level 8. HP: 34/42 MP: 11/16
  5035 | D:5      | Reached skill level 1 in Armour
  5095 | D:5      | Reached skill level 7 in Earth Magic
  5240 | D:5      | Found a glowing drain.
  5246 | Sewer    | Entered a sewer
  5529 | Sewer    | Reached skill level 5 in Conjurations
  7191 | D:5      | Noticed Edmund
  7197 | D:5      | Killed Edmund
  7198 | D:5      | Reached skill level 1 in Fighting
  7198 | D:5      | Reached skill level 1 in Poison Magic
  7198 | D:5      | Reached XP level 9. HP: 39/47 MP: 4/18
  7497 | D:5      | Reached skill level 1 in Air Magic
  7767 | D:5      | Found a staircase to the Ecumenical Temple.
  7777 | Temple   | Entered the Ecumenical Temple
  7786 | Temple   | Became a worshipper of Vehumet
  7798 | D:5      | Identified a scroll of acquirement
  7798 | D:5      | Acquired a staff of conjuration
  7845 | D:6      | Noticed Pikel
  7915 | D:6      | Reached skill level 8 in Earth Magic
  7963 | D:6      | HP: 2/47 [centaur/arrow (6)]
  7965 | D:6      | Shot with an arrow by a centaur

Illustrated notes

Levels and vault maps discovered:
D:1:      ncdulo_watergridlock, layout_basic, basic_ecumenical_altar,
          serial_rivers, chequers_serial_rivers_micro_c,
          chequers_serial_rivers_micro_c, chequers_serial_rivers_large_a,
          chequers_serial_rivers_small_b, chequers_serial_rivers_marsh,
          chequers_serial_rivers_small_a, st_stairs_3
D:2:      kennysheep_six_static_rooms, layout_basic
D:3:      layout_rooms, gammafunk_ghost_necromancy, uniq_ijyb,
          uniq_crazy_yiuf_cottage
D:4:      layout_basic
D:5:      layout_gridville, minmay_temple_entry_poolview,
          gup_sewer_entry_spiral, minmay_manual_moon, uniq_edmund
D:6:      cheibrodos_fertilizer, layout_cave_pools, serial_shops, shop,
          uniq_pikel
Temple:   grunt_wide_crystal_templ

Skill      XL: |  1  2  3  4  5  6  7  8  9 |
---------------+----------------------------+-----
Earth Magic    | 4 5 6 7 8 |  8.3
Conjurations   | 1 2 3 4 5 6 |  6.0
Spellcasting   | 3 4 5 6 |  6.8
Dodging        | 2 |  2.2
Armour         | 2 |  2.1
Fighting       | 1 |  1.1
Poison Magic   | 1 |  1.2
Air Magic      | 1 |  1.2
Maces & Flails | |  0.5
Stealth        | |  2.1
Transmutations | |  0.7

Action                   |  1- 3 |  4- 6 |  7- 9 || total
-------------------------+-------+-------+-------++-------
Melee: Whip              |     5 |       |       ||     5
       Staff             |     4 |    14 |    41 ||    59
       Mace              |       |     1 |    25 ||    26
 Cast: Sandblast         |    36 |    29 |    84 ||   149
       Stone Arrow       |    19 |    12 |    58 ||    89
       Poisonous Vapours |       |       |    35 ||    35
  Use: Scroll            |     3 |     2 |     8 ||    13
       Potion            |       |     2 |     1 ||     3
Armor: Robe              |    14 |     9 |    11 ||    34
       Leather armour    |       |       |    38 ||    38
Dodge: Dodged            |    19 |    28 |    83 ||   130
